 Dungeon Crawl Stone Soup version 0.27.1-33-g824d729ab1 (webtiles) character file.

Game seed: 9674585003466592262

4 comborobin the Sneak (level 1, -3/18 HPs)
             Began as a Merfolk Delver on Dec 28, 2021.
             Slain by an orc (9 damage)
             ... on level 4 of the Dungeon.
             The game lasted 00:00:33 (110 turns).

comborobin the Sneak (Merfolk Delver)                Turns: 110, Time: 00:00:34

Health: -3/18      AC:  3    Str: 12    XL:     1   Next: 60%
Magic:  1/1        EV: 12    Int:  9    God:
Gold:   0          SH:  0    Dex: 15    Spells: 0/0 levels left

rFire    . . .     SeeInvis .   a - +0 short sword
rCold    . . .     Faith    .   (no shield)
rNeg     . . .     Spirit   .   b - +0 leather armour
rPois    .         Reflect  .   (no helmet)
rElec    .         Harm     .   h - scarf {repulsion}
rCorr    .         Rampage  .   (no gloves)
Will     .....                  (no boots)
Stlth    +++.......             (no amulet)
HPRegen  0.06/turn              (no ring)
MPRegen  0.07/turn              (no ring)

@: repel missiles
A: (nimble swimmer 2), mertail
a: no special abilities


You were on level 4 of the Dungeon.
You visited 1 branch of the dungeon, and saw 3 of its levels.

Inventory:

Hand Weapons
 a - a +0 short sword (weapon)
Armour
 b - a +0 leather armour (worn)
 h - a scarf of repulsion (worn)
Wands
 g - a wand of digging (3)
Scrolls
 c - a scroll of fog
 d - a scroll of teleportation {unknown}
 e - a scroll of fear
Potions
 f - a potion of haste


   Skills:
 - Level 3.3 Fighting
 - Level 2.4 Short Blades
 + Level 2.7 Dodging
 - Level 5.7 Stealth


You couldn't memorise any spells.
You didn't know any spells.
Your spell library was empty.

Dungeon Overview and Level Annotations

Branches:
Dungeon (6/15)
 Temple: D:4-7

Altars:

Annotations:
D:6 Pikel


Innate Abilities, Weirdness & Mutations

((You are quick and stealthy near water. (Stealth+, EV+, Speed+++)))
Your lower body shifts to a powerful aquatic tail in water.


Message History

No target in view!
No target in view!
Things that are here:
a +0 club; an orc corpse
Found a scroll labelled RUYKOT FORUUS.
d - a scroll labelled RUYKOT FORUUS A ball python comes into view.
Found a robe.
The ball python hisses angrily.
You barely miss the ball python. The ball python closely misses you.
The ball python grabs you. The ball python constricts you.
You hit the ball python.
You kill the ball python!
No target in view!
No target in view!
You see here a ball python corpse.
No target in view!
HP restored.
An orc comes into view. It is wielding a +0 flail.
The orc shouts!
You see here a +0 robe.
An orc is nearby!
The orc closely misses you.
An orc is nearby!
You closely miss the orc. The orc barely misses you.
You closely miss the orc. The orc hits you with a +0 flail.
You barely miss the orc. The orc barely misses you.
An orc is nearby!
Your leather armour prevents you from hitting the orc.
The orc closely misses you.
An orc is nearby!
You hit the orc but do no damage. The orc hits you with a +0 flail.
An orc is nearby!
You are too injured to fight recklessly!
You are too injured to fight recklessly!
An orc is nearby!
You are too injured to fight recklessly!
You barely miss the orc. The orc hits you with a +0 flail!
Ouch! That really hurt!
You die...

### .. #. # #..#
##o##.# #..#
#.###..@#.#####
#..#
#.....#........
#..#
#####..[####.##
#..# ##.## ###..#
#.#
.....##########†#
>...............#
####)...........#
############.#


You could see an orc.

Vanquished Creatures
  An orc (D:4)
  A giant cockroach (D:4)
  A ball python (D:4)
3 creatures vanquished.

Notes
Turn   | Place    | Note
-------+----------+-------------------------------------------
     0 | D:5      | comborobin the Merfolk Delver began the quest for the Orb.
     0 | D:5      | Reached XP level 1. HP: 18/18 MP: 1/1
    40 | D:6      | Noticed Pikel
    40 | D:6      | Noticed a lemure
   110 | D:4      | Slain by an orc

Illustrated notes

Levels and vault maps discovered:
D:4:      layout_loops_ring, nicolae_wu_jian_glorious_leap,
          cheibrodos_sewer_entry_bend
D:5:      layout_loops_ring, gammafunk_ghost_cemetery,
          minmay_fractal_squares_gapless_5
D:6:      layout_basic, minmay_temple_entry_glassed_door, serial_shops, shop,
          uniq_pikel

Action                   || total
-------------------------++-------
Melee: Short sword       ||    10
  Use: Scroll            ||     1
 Stab: Sleeping          ||     2
Dodge: Dodged            ||     5
